 Dungeon Crawl Stone Soup version 0.29.1-13-g9f3cf754e1 (webtiles) character file.

Game seed: 5004836535639560308

119 Thatpatchoflichen the Trooper (level 5, 0/57 HPs)
             Began as an Ogre Monk on Feb 9, 2023.
             Killed from afar by Blork the orc (4 damage)
             ... with a puff of frost
             ... on level 4 of the Dungeon.
             The game lasted 00:05:21 (3721 turns).

Thatpatchoflichen the Trooper (Ogre Monk)           Turns: 3721, Time: 00:05:22

Health: 0/57       AC:  3    Str: 17    XL:     5   Next: 3%
Magic:  7/7        EV: 10    Int: 11    God:
Gold:   168        SH:  0    Dex: 11    Spells: 7/7 levels left

rFire   . . .      SeeInvis +   q - +0 whip
rCold   + . .      Faith    .   (no shield)
rNeg    . . .      Spirit   .   b - +0 robe
rPois   .          Reflect  .   (helmet restricted)
rElec   .          Harm     .   (no cloak)
rCorr   .          Rampage  .   (gloves unavailable)
Will    .....                   (boots unavailable)
Stlth   +.........              (no amulet)
HPRegen 0.19/turn               m - ring of protection from cold
MPRegen 0.10/turn               y - ring of see invisible

@: confused, ambrosia-drunk
A: large, unfitting armour, tough skin 1
a: no special abilities


You were on level 4 of the Dungeon.
You visited 1 branch of the dungeon, and saw 4 of its levels.

You collected 168 gold pieces.

Inventory:

Hand Weapons
 a - a +0 mace
 h - a +2 trident of venom
 q - a +0 whip (weapon)
Armour
 b - a +0 robe (worn)
 i - a +0 tower shield
Jewellery
 m - a ring of protection from cold (left hand)
 y - a ring of see invisible (right hand)
Scrolls
 d - a scroll of enchant armour {unknown}
 e - a scroll of blinking {unknown}
 g - a scroll of fear {unknown}
 j - 4 scrolls of teleportation {unknown}
 n - 2 scrolls of poison {unknown}
 p - 2 scrolls of amnesia {unknown}
 s - a scroll of identify {unknown}
 t - a scroll of vulnerability {unknown}
 u - a scroll of acquirement {unknown}
 A - a scroll of enchant weapon {unknown}
 C - 2 scrolls of noise {unknown}
Potions
 c - a potion of ambrosia
 f - a potion of attraction {unknown}
 k - a potion of heal wounds {unknown}
 l - a potion of resistance {unknown}
 o - 2 potions of might {unknown}
 r - a potion of haste {unknown}
 v - 2 potions of curing {unknown}
 w - 2 potions of flight {unknown}
 x - a potion of brilliance {unknown}
 z - a potion of mutation {unknown}
 B - a potion of lignification {unknown}


   Skills:
 - Level 5.0 Fighting
 * Level 4.0 Maces & Flails
 - Level 3.0 Dodging
 - Level 1.4 Stealth
 + Level 1.9 Spellcasting


You had 7 spell levels left.
You didn't know any spells.
Your spell library contained the following spells:

 Spells                   Type           Power      Damage    Failure   Level
 Blink                    Tloc           2%         N/A       41%         2
 Sublimation of Blood     Necr           1%         N/A       41%         2
 Wereblood                Tmut           1%         N/A       41%         2
 Lesser Beckoning         Tloc           1%         N/A       65%         3
 Manifold Assault         Tloc           1%         N/A       100%        5
 Summon Hydra             Summ           0%         N/A       100%        7


Dungeon Overview and Level Annotations

Branches:
Dungeon (4/15)
 Temple: D:4-7

Altars:
Nemelex Xobeh
Yredelemnul

Annotations:
D:4 Blork the orc


Innate Abilities, Weirdness & Mutations

You are too large for most types of armour.
You have tough skin. (AC +1)


Message History

Blork the orc hits you with a +0 scimitar!
You closely miss Blork the orc.
Blork the orc is lightly wounded.
Blork the orc barely misses you.
You hit Blork the orc but do no damage.
Blork the orc is lightly wounded.
Blork the orc gestures wildly while chanting.
Blork the orc seems to speed up.
You hit Blork the orc.
Blork the orc is lightly wounded.
Blork the orc hits you with a +0 scimitar.
You hit Blork the orc but do no damage.
Blork the orc is lightly wounded.
Blork the orc closely misses you.
Blork the orc hits you with a +0 scimitar.
You barely miss Blork the orc.
Blork the orc is lightly wounded.
Blork the orc hits you with a +0 scimitar.
You hit Blork the orc.
Blork the orc is lightly wounded.
Blork the orc barely misses you.
You closely miss Blork the orc.
Blork the orc is lightly wounded.
Blork the orc curses to no one in particular.
Blork the orc hits you with a +0 scimitar.
* * * LOW HITPOINT WARNING * * *
Blork the orc closely misses you.
You hit Blork the orc.
Blork the orc is moderately wounded.
Blork the orc hits you with a +0 scimitar!
* * * LOW HITPOINT WARNING * * *
You hit Blork the orc.
Blork the orc is moderately wounded.
Blork the orc closely misses you.
You are confused.
You feel invigorated.
Blork the orc looks satisfied for a moment.
Blork the orc casts a spell at you. The puff of frost hits you. You resist.
You die...

##.## #.###
##...##
########.....#
####..........).#
#.......##......#
#.###############
#.### #@#[# #o#.#
#.#.# #...#
###.......
.###### .. ...
...#


You could see Blork the orc (fast).

Vanquished Creatures
  Jessica (D:3)
  4 adders
  A worm (D:3)
  2 orcs (D:3)
  3 ball pythons
  6 endoplasms
  A giant cockroach (D:1)
  5 hobgoblins
  4 kobolds
  6 quokkas
  7 bats
  2 frilled lizards (D:1)
  5 goblins
  5 rats
52 creatures vanquished.

Notes
Turn   | Place    | Note
-------+----------+-------------------------------------------
     0 | D:1      | Thatpatchoflichen the Ogre Monk began the quest for the
                  | Orb.
     0 | D:1      | Reached XP level 1. HP: 24/24 MP: 1/1
   569 | D:1      | Reached XP level 2. HP: 17/32 MP: 2/2
  1537 | D:2      | Reached XP level 3. HP: 40/40 MP: 3/3
  1812 | D:2      | Reached skill level 1 in Spellcasting
  2521 | D:3      | Noticed Jessica
  2531 | D:3      | Killed Jessica
  2532 | D:3      | Reached XP level 4. HP: 34/49 MP: 4/6
  3312 | D:3      | Found a sparkling altar of Nemelex Xobeh.
  3459 | D:3      | Found a basalt altar of Yredelemnul.
  3555 | D:3      | Found a faded altar of an unknown god.
  3675 | D:4      | Reached XP level 5. HP: 53/55 MP: 7/7
  3677 | D:4      | Reached skill level 5 in Fighting
  3699 | D:4      | Noticed Blork the orc
  3719 | D:4      | HP: 1/57 [Blork the orc/+0 scimitar (15)]
  3721 | D:4      | Killed from afar by Blork the orc

Illustrated notes

Levels and vault maps discovered:
D:1:      shiori_arrival_oz, layout_basic
D:2:      layout_loops_ring
D:3:      layout_rooms, lemuel_round_altar, nemelex_dance_club_becter,
          shapermc_ecumenical_altar_mp_vishouse, minmay_unequal, uniq_jessica
D:4:      layout_loops_cross, minmay_temple_entry_trees, patterned_corridor,
          uniq_blork_the_orc

Skill      XL: |  1  2  3  4  5 |
---------------+----------------+-----
Maces & Flails | 3 4 |  4.0
Dodging        | 3 |  3.0
Spellcasting   | 1 |  1.9
Fighting       | 5 |  5.0
Stealth        | |  1.4

Action                   |  1- 3 |  4- 6 || total
-------------------------+-------+-------++-------
Melee: Mace              |    48 |       ||    48
       Punch             |     1 |     1 ||     2
       Whip              |    88 |   104 ||   192
  Use: Potion            |       |     1 ||     1
 Stab: Sleeping          |     4 |     3 ||     7
Armor: Robe              |    63 |    24 ||    87
Dodge: Dodged            |    73 |    49 ||   122
